 Dungeon Crawl Stone Soup version 0.23-a0-586-gacb4b3f (webtiles) character file.

305 inc the Conjurer (level 6, -1/24 HPs)
             Began as a Felid Fire Elementalist on Dec 18, 2018.
             Killed by divine providence
             ... invoked by an orc priest
              (11 damage)
             ... on level 4 of the Dungeon.
             The game lasted 00:10:32 (4889 turns).

inc the Conjurer (Felid Fire Elementalist)          Turns: 4889, Time: 00:10:36

Health: -1/24      AC:  2    Str:  4    XL:     6   Next: 15%
Magic:  1/10       EV: 18    Int: 18    God:
Gold:   215        SH:  0    Dex: 17    Spells: 1/9 levels left
                                        Lives:  0   Deaths: 1

rFire    . . .     SeeInvis +   (weapon unavailable)
rCold    . . .     Gourm    .   (shield unavailable)
rNeg     . . .     Faith    .   (armour unavailable)
rPois    .         Spirit   .   (helmet unavailable)
rElec    .         Reflect  .   (cloak unavailable)
rCorr    +         Harm     .   (gloves unavailable)
MR       .....                  (boots unavailable)
Stlth    +++.......             o - amulet of regeneration
HPRegen  0.48/turn              e - ring of resist corrosion
MPRegen  0.12/turn              (no ring)

@: quick
A: very small, no armour, no weapons or thrown items, stealth, claws 1, fangs 3,
see invisible, carnivore, speed 1, shaggy fur 2, slow metabolism 1, sharp paws
a: no special abilities


You were on level 4 of the Dungeon.
You were completely stuffed.

You visited 1 branch of the dungeon, and saw 4 of its levels.
You also visited: Ossuary.

You collected 215 gold pieces.

Inventory:

Jewellery
 e - a ring of resist corrosion (left paw)
 o - an amulet of regeneration (around neck)
Scrolls
 g - 2 scrolls of teleportation
 i - a scroll of remove curse
 l - 2 scrolls of enchant armour {unknown}
 m - 2 scrolls of amnesia {unknown}
 p - a scroll of fear
 s - a scroll of random uselessness
 t - a scroll of immolation
 u - a scroll of blinking {unknown}
Potions
 a - 3 potions of magic {unknown}
 c - 4 potions of curing
 d - a potion of lignification
 f - a potion of heal wounds
 h - a potion of haste {unknown}
 j - a potion of resistance
 k - 2 potions of invisibility {unknown}
 n - 2 potions of degeneration
 q - 2 potions of ambrosia
 r - 3 potions of flight
Comestibles
 b - 9 rations
 v - 3 chunks of flesh


   Skills:
 - Level 2.6 Dodging
 - Level 2.6 Stealth
 - Level 2.0 Spellcasting
 + Level 5.1 Conjurations
 + Level 5.1 Fire Magic


You had one spell level left.
You knew the following spells:

 Your Spells              Type           Power        Failure   Level  Hunger
a - Flame Tongue          Conj/Fire      ###..        2%          1    #......
b - Conjure Flame         Conj/Fire      ###.....     7%          3    ###....
c - Sticky Flame          Conj/Fire      ###.....     22%         4    #####..

Your spell library contained the following spells:

 Spells                   Type           Power        Failure   Level  Hunger
 Throw Flame              Conj/Fire      ###...       3%          2    ###....
 Inner Flame              Hex/Fire       ##......     19%         3    ###....
 Fireball                 Conj/Fire      ###.......   52%         5    ######.


Dungeon Overview and Level Annotations

Branches:
Dungeon (4/15)             Temple (0/1) D:4

Altars:
Uskayaw
Zin

Shops:
D:4 =

Annotations:
D:4 Blork the orc, Sigmund


Innate Abilities, Weirdness & Mutations

You cannot wear armour.
You are incapable of wielding weapons or throwing items.
Your paws allow you to move quietly. (Stealth)
You have sharp claws.
You have razor-sharp teeth.
You have supernaturally acute eyesight. (SInv)
You are carnivorous and can eat meat at any time.
You cover ground quickly.
You are covered in thick fur. (AC +2)
You have a slow metabolism.
Your sharp claws are effective at attacking unaware monsters.


Message History

Press: ? - help, Shift-Dir - straight line, f/p - orc
Aim: an orc, wielding a +0 flail The flame tongue hits the orc.
You kill the orc!
The orc priest mumbles some strange prayers to Beogh against you.
Beogh smites you!
Ouch! That really hurt!
Casting: Flame Tongue (safe; 2% risk of failure)
Confirm with . or Enter, or press ? or * to list all spells.
Aiming: Sticky Flame (slightly dangerous; 22% risk of failure)
Press: ? - help, Shift-Dir - straight line, f - orc priest
Aim: an orc priest, wielding a +0 dagger (moderately wounded)
The sticky flame hits the orc priest.
The orc priest is severely wounded.
The orc priest is covered in liquid flames!
The orc priest burns!
You kill the orc priest!
The orc priest invokes the aid of Beogh against you.
Beogh smites you!
You die...

############
#..........###
###########.........?.%.
#......@).o.............
#.#########.#.........##
#.# ####........#......#
#.#
#.....รท.............
#.# #.##.##.#.o.........
#.# #,*#.....#o.........
#.# *,*#.#......o.......
#.# *,...###............
##.###..###
#####.......#


You could see an orc priest.

Vanquished Creatures
  An elf zombie (Ossuary)
  A hound (D:4)
  A human zombie (Ossuary)
  An orc wizard (D:4)
  An orc priest (D:4)
  An iguana (D:4)
  A worker ant (D:4)
  A big kobold zombie (Ossuary)
  A hound zombie (Ossuary)
  4 mummies (Ossuary)
  Robin (D:2)
  7 adders
  An ooze (D:1)
  An adder zombie (Ossuary)
  3 dart slugs (D:3)
  2 leopard geckos
  10 orcs
  8 bats
  A giant cockroach (D:2)
  A gnoll zombie (Ossuary)
  10 hobgoblins
  5 jackals
  2 quokkas
  4 frilled lizards
  21 goblins
  2 goblin zombies (Ossuary)
  10 kobolds
  A kobold zombie (Ossuary)
  An orc zombie (Ossuary)
  16 rats
  2 rat zombies (Ossuary)
122 creatures vanquished.

Notes
Turn   | Place    | Note
-------+----------+-------------------------------------------
     0 | D:1      | inc the Felid Fire Elementalist began the quest for the
                  | Orb.
     0 | D:1      | Reached XP level 1. HP: 7/7 MP: 4/4
    17 | D:1      | Reached skill level 1 in Conjurations
    23 | D:1      | You fall through a shaft!
   202 | D:2      | Noticed Robin
   214 | D:2      | Reached XP level 2. HP: 8/11 MP: 1/6
   528 | D:2      | Reached XP level 3. HP: 14/14 MP: 3/7
   593 | D:2      | Found a hide-covered altar of Uskayaw.
  1236 | D:1      | Reached XP level 4. HP: 18/18 MP: 5/8
  1586 | D:1      | You fall through a shaft!
  1592 | D:2      | Killed Robin
  2637 | D:3      | Learned a level 3 spell: Conjure Flame
  2980 | D:3      | Reached XP level 5. HP: 14/21 MP: 2/9
  3174 | D:3      | Found a glowing silver altar of Zin.
  3859 | D:4      | Found a staircase to the Ecumenical Temple.
  4015 | D:4      | Noticed Blork the orc
  4154 | D:4      | Gained mutation: You are covered in thick fur. (AC +2)
                  | [Felid growth]
  4154 | D:4      | Reached XP level 6. HP: 15/24 MP: 1/10
  4160 | D:4      | Found a sand-covered staircase.
  4170 | Ossuary  | Entered an ossuary
  4356 | Ossuary  | Learned a level 4 spell: Sticky Flame
  4609 | D:4      | Killed from afar by an orc priest
  4610 | D:4      | Reached XP level 5. HP: -3/21 MP: 9/9
  4683 | D:4      | Noticed Sigmund
  4724 | D:4      | Found Ximei's Jewellery Shop.
  4732 | D:4      | Reached skill level 5 in Conjurations
  4732 | D:4      | Reached skill level 5 in Fire Magic
  4847 | D:4      | Reached XP level 6. HP: 9/24 MP: 3/10
  4889 | D:4      | Killed from afar by an orc priest

Vault maps used:
D:1:      sevenhm_arrival_forest_fort_large_4
D:2:      eat_drink_and_be_merry_uskayaw, serial_forest,
          infiniplex_forest_lined_3, infiniplex_forest_clump_large,
          infiniplex_forest_straight_3, infiniplex_forest_clump_medium,
          infiniplex_forest_end_1, infiniplex_forest_end_2,
          infiniplex_forest_corner_1, infiniplex_forest_join,
          minmay_misc_feat_room, minmay_rat_gold_closets, uniq_robin
D:3:      lemuel_doored_altar, dk_vineyard_3, minmay_misc_feat_columns
D:4:      nicolae_ru_the_path_less_chosen, minmay_temple_entry_crystal_x,
          nicolae_ossuary_entry_ruins, minmay_shop_enchanted_jewellery,
          minivault_27, minivault_23, uniq_natasha, uniq_blork_the_orc,
          uniq_sigmund
Ossuary:  ossuary_minmay_tomb_2a

Skill      XL: |  1  2  3  4  5 |
---------------+----------------+-----
Conjurations   | 1 2 3 5 |  5.1
Fire Magic     | 3 5 |  5.1
Dodging        | |  2.6
Stealth        | |  2.6
Spellcasting   | |  2.0

Action                   |  1- 3 |  4- 6 || total
-------------------------+-------+-------++-------
Melee: Unarmed           |    20 |    75 ||    95
       Bite              |     2 |     2 ||     4
 Cast: Flame Tongue      |    57 |   165 ||   222
       Sticky Flame      |       |     1 ||     1
  Use: Scroll            |       |    15 ||    15
       Potion            |       |     5 ||     5
  Eat: Chunk             |     3 |    11 ||    14
Armor: Skin              |     4 |   212 ||   216
Dodge: Dodged            |    44 |   123 ||   167

Table legend:
 A = Non-vault XP
 B = Vault XP
 C = Vault XP percentage of total XP
 D = Non-vault monster count
 E = Vault monster count
 F = Vault count percentage of total count
                 A         B        C        D         E       F
            +---------+---------+-------+---------+---------+-------
      Total |     438 |     314 |  41.8 |      87 |      35 |  28.7
            +---------+---------+-------+---------+---------+-------
        D:1 |      49 |       0 |   0.0 |      25 |       0 |   0.0
        D:2 |      65 |      42 |  39.3 |      22 |      19 |  46.3
        D:3 |      87 |       0 |   0.0 |      24 |       0 |   0.0
        D:4 |     237 |       0 |   0.0 |      16 |       0 |   0.0
    Ossuary |       0 |     272 | 100.0 |       0 |      16 | 100.0
            +---------+---------+-------+---------+---------+-------
